 Dungeon Crawl Stone Soup version 0.26-a0-752-gcff87cac9a (webtiles) character file.

Game seed: 1304966815523850303

44 vortex the Firebug (level 3, -4/29 HPs)
             Began as a Hill Orc Fire Elementalist on Oct 31, 2020.
             Slain by Sigmund
             ... wielding a +2 scythe of protection
              (15 damage)
             ... on level 2 of the Dungeon on Nov 6, 2020.
             The game lasted 00:04:37 (1174 turns).

vortex the Firebug (Hill Orc Fire Elementalist)     Turns: 1174, Time: 00:04:37

Health: -4/29      AC:  2    Str: 10    XL:     3   Next: 62%
Magic:  6/14       EV: 12    Int: 16    God:
Gold:   19         SH:  0    Dex: 11    Spells: 4/5 levels left

rFire    . . .     SeeInvis .   e - +0 short sword
rCold    . . .     Faith    .   (no shield)
rNeg     . . .     Spirit   .   a - +0 robe
rPois    .         Reflect  .   (no helmet)
rElec    .         Harm     .   (no cloak)
rCorr    .         Rampage  .   (no gloves)
MR       .....                  (no boots)
Stlth    ++........             (no amulet)
HPRegen  0.09/turn              c - ring of magical power
MPRegen  0.14/turn              (no ring)

@: no status effects
A: no striking features
a: no special abilities


You were on level 2 of the Dungeon.
You visited 1 branch of the dungeon, and saw 2 of its levels.

You collected 19 gold pieces.

Inventory:

Hand Weapons
 e - a +0 short sword (weapon)
Missiles
 d - 79 stones (quivered)
Armour
 a - a +0 robe (worn)
Jewellery
 c - a ring of magical power (left hand)
Scrolls
 f - a scroll of teleportation {unknown}
 g - a scroll of blinking {unknown}
Potions
 h - a potion of mutation {unknown}


   Skills:
 * Level 2.0 Fighting
 + Level 1.9 Dodging
 - Level 1.5 Stealth
 + Level 1.9 Spellcasting
 + Level 1.4 Conjurations
 + Level 3.6 Fire Magic


You had 4 spell levels left.
You knew the following spells:

 Your Spells              Type           Power        Failure   Level
a - Foxfire               Conj/Fire      #...         8%          1

Your spell library contained the following spells:

 Spells                   Type           Power        Failure   Level
 Conjure Flame            Conj/Fire      #.......     22%         3
 Inner Flame              Hex/Fire       #.......     30%         3
 Sticky Flame             Conj/Fire      #.......     58%         4
 Fireball                 Conj/Fire      #.........   90%         5


Dungeon Overview and Level Annotations

Branches:
Dungeon (2/15)

Altars:

Annotations:
D:2 Sigmund


Message History

Confirm with . or Enter, or press ? or * to list all spells.
The foxfire hits something but does no damage. x3
The foxfire hits something but does no damage. x2
The foxfire hits something.
You hear some strange, mumbled words.
You are confused.
DEBUFFED: true You're too confused to cast spells.
It was a potion of curing.
You feel better. Something hits you!
Casting: Foxfire (safe; 8% risk of failure)
Confirm with . or Enter, or press ? or * to list all spells.
Casting: Foxfire (safe; 8% risk of failure)
Confirm with . or Enter, or press ? or * to list all spells.
The foxfire hits something but does no damage. x2
Something hits you!
Casting: Foxfire (safe; 8% risk of failure)
Confirm with . or Enter, or press ? or * to list all spells.
Something hits you!
Ouch! That really hurt!
You die...

##.## #..### ....
###...###########?...
#...................
#..####...####..)..#
....# ###...##..)..#
#### ###.##.{.>.##
#.v#v.....#
##§v@§....#
##§v#.##.# ##.# # #..
##.. #.# .. ..#


There were no monsters in sight!

Vanquished Creatures
  An adder (D:1)
  A worm (D:2)
  A leopard gecko (D:1)
  A ball python (D:1)
  2 bats (D:1)
  3 giant cockroaches (D:1)
  2 goblins (D:1)
  4 hobgoblins (D:1)
  4 jackals (D:1)
  2 kobolds
  7 rats (D:1)
28 creatures vanquished.

Vanquished Creatures (others)
  117 foxfires
117 creatures vanquished.

Grand Total: 145 creatures vanquished

Notes
Turn   | Place    | Note
-------+----------+-------------------------------------------
     0 | D:1      | vortex the Hill Orc Fire Elementalist began the quest for
                  | the Orb.
     0 | D:1      | Reached XP level 1. HP: 14/14 MP: 3/3
   184 | D:1      | Reached XP level 2. HP: 22/22 MP: 4/4
   196 | D:1      | Reached skill level 1 in Fighting
   547 | D:1      | Reached XP level 3. HP: 28/28 MP: 5/5
   967 | D:1      | Upgraded the game from 0.26-a0-710-g95a0c6c400 to
                  | 0.26-a0-752-gcff87cac9a
  1163 | D:2      | Noticed Sigmund
  1174 | D:2      | Slain by Sigmund

Illustrated notes

Levels and vault maps discovered:
D:1:      dpeg_arrival_shelter, layout_basic
D:2:      minmay_wonky_spiral, layout_rooms, uniq_jessica, uniq_sigmund

Skill      XL: |  1  2  3 |
---------------+----------+-----
Fighting       | 1 2 |  2.0
Dodging        | |  1.9
Stealth        | |  1.5
Spellcasting   | |  1.9
Conjurations   | |  1.4
Fire Magic     | |  3.6

Action                   || total
-------------------------++-------
Melee: Unarmed           ||     1
       Short sword       ||    10
 Cast: Foxfire           ||    74
  Use: Potion            ||     1
Armor: Robe              ||     5
Dodge: Dodged            ||    25

Table legend: (Time is in decaauts)
 A = Elapsed time spent in this place.
 B = Non-inter-level travel time spent in this place.
 C = Inter-level travel time spent in this place.
 D = Time resting spent in this place.
 E = Time spent auto-exploring this place.
 F = Levels seen in this place.
 G = Mean time per level.
                   A        B        C        D        E       F      G
               +--------+--------+--------+--------+--------+-----+--------+
         Total |   1175 |   1140 |     35 |      0 |    978 |   2 |  587.5 |
       Dungeon |   1175 |   1140 |     35 |      0 |    978 |   2 |  587.5 |
               +--------+--------+--------+--------+--------+-----+--------+

Top non-repeatable levels by time:
     D:1: 1088 daAuts
     D:2: 87 daAuts
